 Dungeon Crawl Stone Soup version 0.22-a0-407-gb098539 (webtiles) character file.

130 iamserjio the Cudgeler (level 4, 0/35 HPs)
             Began as a Mummy Fighter on May 9, 2018.
             Slain by a hound (2 damage)
             ... on level 3 of the Dungeon.
             The game lasted 00:03:38 (3462 turns).

iamserjio the Cudgeler (Mummy Fighter)              Turns: 3462, Time: 00:03:38

Health: 0/35       AC:  3    Str: 20    XL:     4   Next: 89%
Magic:  4/4        EV:  8    Int:  7    God:
Gold:   91         SH:  9    Dex: 11    Spells: 3/3 levels left

rFire    x . .     SeeInvis .   a - +0 flail
rCold    + . .     Gourm    .   c - +0 shield
rNeg     + + +     Faith    .   e - +0 robe (curse)
rPois    ∞         Spirit   .   g - +0 helmet
rElec    .         Reflect  .   (no cloak)
rCorr    .         Harm     .   (no gloves)
MR       .....                  (no boots)
Stlth    +.........             (no amulet)
HPRegen  0.11/turn              (no ring)
MPRegen  0.09/turn              (no ring)

@: no status effects
A: no food or potions, fire vulnerability, cold resistance 1, negative energy
resistance 3, torment resistance, unbreathing
a: no special abilities


You were on level 3 of the Dungeon.
You were not hungry.

You visited 1 branch of the dungeon, and saw 3 of its levels.

You collected 91 gold pieces.

Inventory:

Hand Weapons
 a - a +0 flail (weapon)
Missiles
 n - 4 poisoned tomahawks (quivered)
Armour
 b - a +0 scale mail
 c - a +0 shield (worn)
 e - a cursed +0 robe (worn)
 g - a +0 helmet (worn)
Jewellery
 i - an uncursed amulet of magic regeneration {unknown}
Scrolls
 d - a scroll of remove curse {unknown}
 f - a scroll of teleportation
 h - a scroll of fog {unknown}
 j - 2 scrolls of immolation {unknown}
 k - a scroll of blinking {unknown}
 l - a scroll of identify
 m - a scroll of random uselessness {unknown}
 o - a scroll of amnesia {unknown}
 p - a scroll of noise {unknown}


   Skills:
 - Level 3.0 Fighting
 * Level 3.2 Maces & Flails
 + Level 3.1 Armour
 + Level 3.1 Shields


You had 3 spell levels left.
You didn't know any spells.

Dungeon Overview and Level Annotations

Branches:
Dungeon (3/15)

Altars:
Kikubaaqudgha
Qazlal
Trog
Wu Jian
Xom


Innate Abilities, Weirdness & Mutations

You do not eat or drink.
Your flesh is vulnerable to fire.
You are immune to poison.
Your flesh is cold resistant. (rC+)
You are immune to negative energy. (rN+++)
You are immune to unholy pain and torment.
You can survive without breathing.


Message History

The magic dart hits you!
* * * LOW HITPOINT WARNING * * *
You closely miss the orc wizard.
The orc wizard is severely wounded.
The orc wizard hits you with a dagger.
* * * LOW HITPOINT WARNING * * *
You closely miss the orc wizard.
The orc wizard is severely wounded.
The orc wizard closely misses you. The orc wizard casts a spell at you.
The magic dart hits you!
* * * LOW HITPOINT WARNING * * *
You miss the orc wizard.
The orc wizard is severely wounded.
You block the orc wizard's attack.
You sock the orc wizard!
You kill the orc wizard!
The bat hits you but does no damage.
You closely miss the hound. The hound bites you.
You die...

#####.########..#
#...............#
......#########.#
#.##### #.# #.#
#.# #.# #.# #.#
#.# ..# #(####
### #.@hb# ####.#
... ..... ....#..
.#.## . ##?# .#


You could see a hound and a bat.

Vanquished Creatures
  An orc wizard (D:3)
  2 gnolls (D:1)
  2 adders
  An ooze (D:2)
  A worm (D:3)
  A dart slug (D:2)
  4 leopard geckos
  2 orcs (D:3)
  2 giant cockroaches
  9 goblins
  5 hobgoblins
  A ball python (D:2)
  7 bats
  3 frilled lizards
  7 kobolds
  7 rats
55 creatures vanquished.

Notes
Turn   | Place    | Note
-------+----------+-------------------------------------------
     0 | D:1      | iamserjio the Mummy Fighter began the quest for the Orb.
     0 | D:1      | Reached XP level 1. HP: 18/18 MP: 1/1
   510 | D:1      | Reached XP level 2. HP: 24/24 MP: 2/2
   570 | D:1      | Reached XP level 3. HP: 23/29 MP: 3/3
  2081 | D:2      | Found an ancient bone altar of Kikubaaqudgha.
  2082 | D:2      | Found an ornate altar of the Wu Jian Council.
  2083 | D:2      | Found a stormy altar of Qazlal.
  2660 | D:2      | Reached XP level 4. HP: 35/35 MP: 4/4
  2679 | D:2      | Found a bloodstained altar of Trog.
  2741 | D:2      | Found a shimmering altar of Xom.
  3459 | D:3      | HP: 1/35 [orc wizard/magic dart (6)]
  3462 | D:3      | Slain by a hound

Vault maps used:
D:1:      ncdulo_halloftheorcs, serial_forest, infiniplex_forest_lined_3,
          infiniplex_forest_end_2, infiniplex_forest_straight_3,
          infiniplex_forest_clump_tiny, infiniplex_forest_lined_3,
          infiniplex_forest_clump_curved, infiniplex_forest_corner_1,
          infiniplex_forest_straight_3, infiniplex_forest_lined_1,
          infiniplex_forest_end_2
D:2:      lightli_temple_of_fire, minitemple, marbit_many_paths, first_ration,
          nrook_mini_backslash, minmay_misc_feat_encased
D:3:      grunt_gozag_breadcrumbs, uniq_terence, uniq_jessica

Skill      XL: |  1  2  3  4 |
---------------+-------------+-----
Maces & Flails | 2 3 |  3.2
Armour         | 3 |  3.1
Shields        | 3 |  3.1
Fighting       | |  3.0

Action                   |  1- 3 |  4- 6 || total
-------------------------+-------+-------++-------
Melee: Flail             |   135 |    88 ||   223
  Use: Scroll            |     1 |       ||     1
 Stab: Sleeping          |     1 |       ||     1
Armor: Scale mail        |    26 |       ||    26
       Robe              |    14 |    18 ||    32
Dodge: Dodged            |    59 |    29 ||    88
Block: Shield            |    56 |    42 ||    98

Table legend:
 A = Spawn XP
 B = Non-spawn XP
 C = Spawn XP percentage of total XP
 D = Spawn monster count
 E = Non-spawn monster count
 F = Spawn count percentage of total count
 G = Total turns spent on level
                    A         B        C        D         E        F      G
               +---------+---------+-------+---------+---------+-------+---------
         Total |       0 |     186 |   0.0 |       0 |      55 |   0.0 |  3462
               +---------+---------+-------+---------+---------+-------+---------
           D:1 |       0 |      54 |   0.0 |       0 |      20 |   0.0 |  1849
           D:2 |       0 |      61 |   0.0 |       0 |      25 |   0.0 |  1205
           D:3 |       0 |      71 |   0.0 |       0 |      10 |   0.0 |   408
               +---------+---------+-------+---------+---------+-------+---------
